 Dungeon Sprint DCSS version 0.29-a0-194-g6e3aafee17 (webtiles) character file.

Game seed: 7836755137517049151

14277 Zeldest the Imperceptible (level 11, -12/45 (54) HPs)
             Began as a Vampire Enchanter on Feb 22, 2022.
             Was a High Priest of Dithmenos.
             Killed by an exploding ball lightning (18 damage)
             ... in the Dungeon (Sprint I: "Red Sonja").
             The game lasted 00:21:26 (1378 turns).

Zeldest the Imperceptible (Vampire Enchanter)       Turns: 1378, Time: 00:21:26

HP:   -12/45 (54)   AC: 10    Str:  9    XL:     11   Next: 86%
MP:   15/28         EV: 13    Int: 18    God:    Dithmenos [*****.]
Gold: 773           SH:  0    Dex: 24    Spells: 8/20 levels left

rFire   . . .      SeeInvis +   m - +2 dagger (flame)
rCold   + + +      Faith    .   (no shield)
rNeg    + + +      Spirit   .   k - +2 robe
rPois   ∞          Reflect  .   (no helmet)
rElec   .          Harm     +   p - scarf {harm}
rCorr   .          Rampage  .   (no gloves)
Will    ∞          NoTele   +   i - +5 pair of boots of the Sixty-Six Portals {Dex+5} Stlth !!!!!!!!!!
                                (no amulet)
HPRegen 0.00/turn               q - ring "Vujesosa" {rC++ Will+ MP+9 Str+2 Stlth+}
MPRegen 0.21/turn               (no ring)

@: shadow-form, flying (expiring), bloodless, inhibited regen, wreathed by
umbra, heavily drained, invisible
A: shadow resist, half damage, bleed smoke, invisible, bloodless, fangs 3, see
invisible, vampiric 2
a: Bat Form, Revivify, End Transformation, Renounce Religion, Shadow Step,
Shadow Form


You were in the Dungeon.
You worshipped Dithmenos.
Dithmenos was extremely pleased with you.
You were a swirling mass of dark shadows.
You visited 1 branch You collected 2388 gold pieces.
You spent 1615 gold pieces at shops.

Inventory:

Hand Weapons
 a - a +1 dagger
 m - a +2 dagger of flaming (weapon)
Armour
 b - a +0 robe
 i - the +5 pair of boots of the Sixty-Six Portals (worn) {Dex+5}
   (You acquired it in the Dungeon)

   Dex:       It affects your dexterity (+5).
 k - a +2 robe (worn)
 p - a scarf of harm (worn)
Jewellery
 q - the ring "Vujesosa" (left hand) {rC++ Will+ MP+9 Str+2 Stlth+}
   (You bought it in a shop in the Dungeon)

   [ring of magical power]

   Str:       It affects your strength (+2).
   rC:        It greatly protects you from cold.
   MP:        It affects your magic capacity (+9).
   Will:      It increases your willpower.
   Stlth:     It makes you more stealthy.
Wands
 c - a wand of polymorph (8)
Scrolls
 j - 2 scrolls of identify
 l - a scroll of summoning
Potions
 d - 3 potions of curing
 g - a potion of magic
 h - a potion of berserk rage


   Skills:
 - Level 10.0 Short Blades
 - Level 2.1 Dodging
 + Level 22.5 Stealth
 + Level 9.3 Unarmed Combat
 - Level 5.3 Spellcasting
 - Level 14.9 Hexes
 + Level 12.2 Transmutations
 - Level 7.3 Ice Magic
 + Level 9.9 Air Magic
 + Level 11.8 Invocations


You had 8 spell levels left.
You knew the following spells:

 Your Spells              Type           Power      Damage    Failure   Level
a - Ensorcelled Hibernat  Hex/Ice        22%        N/A       1%          2
b - Confusing Touch       Hex            14%        N/A       1%          3
c - Storm Form            Tmut/Air       5%         N/A       75%         7

Your spell library contained the following spells:

 Spells                   Type           Power      Damage    Failure   Level
 Dazzling Flash           Conj/Hex       14%        N/A       1%          3
 Tukima's Dance           Hex            14%        N/A       1%          3
 Summon Lightning Spire   Summ/Air       5%         N/A       17%         4
 Maxwell's Capacitive Co  Air            5%         ∞         100%        8


Dungeon Overview and Level Annotations

Branches:
Dungeon (1/1)

Altars:
Cheibriados
Dithmenos
Elyvilon
Fedhas
Gozag
Hepliaklqana
Kikubaaqudgha
Makhleb
Nemelex Xobeh
Okawaru
Qazlal
Ru
Sif Muna
Trog
Uskayaw
Vehumet
Wu Jian
Xom
Yredelemnul
Zin
The Shining One
Jiyva
Lugonu

Shops:
D :*[[![[[([!?[*!*[=[[:

Annotations:
D exclusion: oklob plant, Lernaean hydra, Lom Lobon


Innate Abilities, Weirdness & Mutations

You are a swirling mass of dark shadows.
You are immune to unholy torment and to willpower attacks.
Damage taken is halved, but you are drained when taking damage.
Your attacks are insubstantial and do half damage.
You bleed smoke when taking damage.
You are invisible.
You are immune to poison.
Your spellcasting is less reliable in this form.
You do not regenerate when monsters are visible.
You are frail without blood (-20% HP).
You can heal yourself when you bite living creatures.
You are immune to poison.
You have razor-sharp teeth.
You have supernaturally acute eyesight. (SInv)
You are afflicted with vampirism and can become a bat while bloodless.


Message History

Confirm with . or Enter, or press ? or * to list all spells.
You can't see any susceptible monsters within range! (Use Z to cast anyway.)
Okay, then.
Casting: Ensorcelled Hibernation (safe; 1% risk of failure)
Confirm with . or Enter, or press ? or * to list all spells.
Okay, then.
You turn into a swirling mass of dark shadows.
You feel drained.
You fade into the shadows.
The ball lightning explodes!
The blast of lightning engulfs the ball lightning.
The ball lightning completely resists.
The blast of lightning engulfs you!!
You emit a cloud of dark smoke.
You feel drained.
The blast of lightning engulfs Lom Lobon.
Lom Lobon completely resists.
The blast of lightning engulfs the ball lightning.
The ball lightning completely resists.
The blast of lightning engulfs the gargoyle!
The gargoyle resists.
The gargoyle fails to trigger a net trap.
Lom Lobon gestures.
Lom Lobon is healed.
You hear a shout!
Found a glittering silver amulet.
The ball lightning explodes!
The blast of lightning engulfs Lom Lobon.
Lom Lobon completely resists.
The blast of lightning engulfs the ball lightning.
The ball lightning completely resists.
The blast of lightning engulfs you!!!
* * * LOW HITPOINT WARNING * * *
You emit a cloud of dark smoke.
You feel drained.
Lom Lobon gestures.
A freezing vortex appears around Lom Lobon!
Found a box of beasts.
The freezing vortex lifts you up.
You fly up into the air.
* * * LOW HITPOINT WARNING * * *
You emit a cloud of dark smoke.
You feel drained.
The ball lightning explodes!
The blast of lightning engulfs Lom Lobon.
Lom Lobon completely resists.
The blast of lightning engulfs you!!
You die...

##.#,,',,,,,,****+#.##'##,,,,,,,,
†#.#****,,,***,,,,#.#≈≈≈##,,,,,,,
#'.#,,,*****,,,####.#≈≈≈≈##,,,,,,
####,,,,,,,,,###....#≈≈≈≈≈#######
#*,,,,,,,#####○^.○####≈≈≈≈#≈≈≈≈≈#
#*,,,,,,##.○§○°○9○#..#'≈≈≈+≈≈.≈≈D
*,,,,,*#..§°°○○○§#..)##≈≈#≈≈≈≈≈#
#*,,,,,*,^.°○○○○°○#....######'###
#**********#○○&○W§#....#≈≈≈≈≈≈≈≈≈
#*≈≈≈≈≈≈≈≈,#§§°§§°######*≈≈≈≈≈≈≈≈
**********#○°○○○°°°:#,,',,,≈≈≈≈≈
*,,,,,+°°○§°○○°§§#)}'"}*,,,,,,,,
*******################*********


You could see Lom Lobon (vortex) and a gargoyle (wandering).

Vanquished Creatures
  A deep elf annihilator (D)
  A hydra (D)
  2 centaur warriors (D)
  Sonja (D)
  A deep troll (D)
  An oklob plant (D)
  8 shining eyes (D)
  2 merfolk sirens (D)
  2 unseen horrors (D)
  2 kobold demonologists (D)
  A rime drake (shapeshifter) (D)
  2 demonic crawlers (D)
  A hellwing (D)
  3 hornets (D)
  A slime creature (D)
  Sigmund (D)
  12 hogs (D)
  A yak (D)
  A redback (D)
  7 floating eyes (D)
  7 necrophages (D)
  An ogre (D)
  8 jellies (D)
  Ijyb (D)
  A ballistomycete spore (D)
69 creatures vanquished.

Vanquished Creatures (others)
  2 hornets (D)
  A hog (D)
  3 ball lightnings (D)
  A ballistomycete spore (D)
7 creatures vanquished.

Grand Total: 76 creatures vanquished

Notes
Turn   | Place    | Note
-------+----------+-------------------------------------------
     0 | D        | Zeldest the Vampire Enchanter began the quest for the Orb.
     0 | D        | Reached XP level 1. HP: 13/13 MP: 3/3
     8 | D        | Noticed Ijyb
    14 | D        | Killed Ijyb
    15 | D        | Reached skill level 6 in Stealth
    15 | D        | Reached XP level 2. HP: 11/15 MP: 5/5
    16 | D        | Noticed an ogre
    18 | D        | Killed an ogre
    19 | D        | Reached skill level 5 in Short Blades
    19 | D        | Reached skill level 9 in Stealth
    19 | D        | Gained mutation: You are afflicted with vampirism and can
                  | become a bat while bloodless. [Vampire growth]
    19 | D        | Reached XP level 3. HP: 17/19 MP: 6/6
    19 | D        | Reached XP level 4. HP: 21/24 MP: 7/7
    21 | D        | Noticed Sigmund
    23 | D        | Killed Sigmund
    24 | D        | Reached skill level 11 in Stealth
    24 | D        | Reached XP level 5. HP: 28/28 MP: 8/8
    24 | D        | Reached XP level 6. HP: 32/32 MP: 9/9
    27 | D        | Learned a level 2 spell: Ensorcelled Hibernation
    51 | D        | Found an ornate altar of the Wu Jian Council.
    51 | D        | Found a shimmering blue altar of Sif Muna.
    53 | D        | Found a radiant altar of Vehumet.
    59 | D        | Reached skill level 12 in Stealth
    59 | D        | Reached skill level 1 in Ice Magic
    77 | D        | Found Omyxyduirch's Armour Emporium.
    77 | D        | Found an ancient bone altar of Kikubaaqudgha.
    77 | D        | Found a hazy altar of Hepliaklqana.
    77 | D        | Found a hide-covered altar of Uskayaw.
    77 | D        | Found a basalt altar of Yredelemnul.
    77 | D        | Found an opulent altar of Gozag.
    77 | D        | Found a snail-covered altar of Cheibriados.
    77 | D        | Found a sacrificial altar of Ru.
    77 | D        | Found a shadowy altar of Dithmenos.
    77 | D        | Noticed a yak
    78 | D        | Found a stormy altar of Qazlal.
    78 | D        | Found a blossoming altar of Fedhas.
    78 | D        | Found a bloodstained altar of Trog.
    78 | D        | Found an iron altar of Okawaru.
    79 | D        | Killed a yak
    80 | D        | Reached skill level 13 in Stealth
    80 | D        | Found a sparkling altar of Nemelex Xobeh.
    86 | D        | Became a worshipper of Dithmenos the Shadowed
    90 | D        | Bought a +2 robe for 127 gold pieces
   115 | D        | Noticed Sonja
   119 | D        | Killed Sonja
   120 | D        | Reached skill level 10 in Short Blades
   120 | D        | Reached skill level 14 in Stealth
   120 | D        | Reached skill level 5 in Ice Magic
   120 | D        | Reached XP level 7. HP: 36/36 MP: 10/10
   130 | D        | Noticed a deep troll
   134 | D        | Killed a deep troll
   135 | D        | Reached skill level 15 in Stealth
   135 | D        | Reached skill level 5 in Invocations
   135 | D        | Reached XP level 8. HP: 41/41 MP: 11/11
   144 | D        | Found Buzoruso's Armour Emporium.
   172 | D        | Found Xapsesif's Book Boutique.
   195 | D        | Noticed a centaur warrior
   195 | D        | Noticed a centaur warrior
   217 | D        | Found a viscous altar of Jiyva.
   217 | D        | Found a corrupted altar of Lugonu.
   217 | D        | Noticed a slime creature
   218 | D        | Found a burning altar of Makhleb.
   218 | D        | Found a shimmering altar of Xom.
   220 | D        | Killed a slime creature
   220 | D        | Reached * piety under Dithmenos
   221 | D        | Reached skill level 16 in Stealth
   277 | D        | Killed a centaur warrior
   278 | D        | Reached XP level 9. HP: 45/45 MP: 12/14
   278 | D        | Killed a centaur warrior
   278 | D        | Reached ** piety under Dithmenos
   279 | D        | Reached skill level 17 in Stealth
   279 | D        | Reached skill level 5 in Spellcasting
   279 | D        | Reached skill level 5 in Transmutations
   322 | D        | Bought a book of the Sky for 528 gold pieces
   346 | D        | Noticed a kobold demonologist
   347 | D        | Noticed a kobold demonologist
   351 | D        | Killed a kobold demonologist
   352 | D        | Reached skill level 18 in Stealth
   352 | D        | Killed a kobold demonologist
   359 | D        | Noticed a demonic crawler
   359 | D        | Noticed a demonic crawler
   359 | D        | Noticed a demonic crawler
   359 | D        | Noticed a demonic crawler
   361 | D        | Killed a demonic crawler
   361 | D        | Reached *** piety under Dithmenos
   362 | D        | Reached XP level 10. HP: 50/50 MP: 18/18
   388 | D        | Noticed an oklob plant
   390 | D        | Killed an oklob plant
   391 | D        | Reached skill level 19 in Stealth
   417 | D        | Reached **** piety under Dithmenos
   418 | D        | Reached skill level 1 in Unarmed Combat
   418 | D        | Reached skill level 5 in Air Magic
   628 | D        | Learned a level 3 spell: Confusing Touch
   636 | D        | Learned a level 7 spell: Storm Form
   667 | D        | Reached ***** piety under Dithmenos
   749 | D        | Reached skill level 20 in Stealth
   777 | D        | Found Sawug's Armour Shoppe.
   777 | D        | Found Gusenit's Antique Armour Shop.
   777 | D        | Found Zaifyfa's Weapon Boutique.
   779 | D        | Found Muiruwn's Armour Emporium.
   779 | D        | Found Lidaan's Distillery.
   779 | D        | Found Aguudoq's Magic Scroll Shoppe.
   779 | D        | Found Acyuf's Armour Boutique.
   779 | D        | Found Jahilot's General Store.
   779 | D        | Found Ahioss's Distillery.
   779 | D        | Found Weuseali's General Store.
   780 | D        | Bought a scarf of harm for 126 gold pieces
   787 | D        | Found Ofuas's Antique Armour Boutique.
   788 | D        | Found Tisorumi's Antique Armour Emporium.
   788 | D        | Found Woogh's Jewellery Boutique.
   789 | D        | Found Wuomeit's Book Emporium.
   799 | D        | Bought the ring "Vujesosa" {rC++ Will+ MP+9 Str+2 Stlth+}
                  | for 799 gold pieces
   869 | D        | Identified a scroll of acquirement
   869 | D        | Acquired the +5 pair of boots of the Sixty-Six Portals
                  | {Dex+5}
   925 | D        | Noticed a gargoyle
   925 | D        | Noticed a lorocyproca
   949 | D        | Noticed a shining eye
   949 | D        | Noticed a shining eye
   949 | D        | Noticed a shining eye
   950 | D        | Noticed a shining eye
   950 | D        | Noticed a shining eye
   950 | D        | Noticed a shining eye
   950 | D        | Noticed a shining eye
   951 | D        | Killed a shining eye
   952 | D        | Killed a shining eye
   952 | D        | Reached ****** piety under Dithmenos
   953 | D        | Reached skill level 5 in Unarmed Combat
   953 | D        | Reached skill level 10 in Invocations
   953 | D        | Noticed a shining eye
   954 | D        | Killed a shining eye
   956 | D        | Killed a shining eye
   957 | D        | Reached skill level 10 in Transmutations
   957 | D        | Reached XP level 11. HP: 43/54 MP: 19/19
   958 | D        | Killed a shining eye
   961 | D        | Killed a shining eye
   962 | D        | Reached skill level 21 in Stealth
   962 | D        | Paralysed by a floating eye for 3 turns
   967 | D        | Killed a shining eye
   972 | D        | Paralysed by a floating eye for 2 turns
   982 | D        | Killed a shining eye
   992 | D        | Found Plog's General Store.
   992 | D        | Found Ranatan's Armour Emporium.
   993 | D        | Found Javveil's Distillery.
   993 | D        | Found Isohiski's Armour Boutique.
  1007 | D        | Bought a scroll of magic mapping for 35 gold pieces
  1104 | D        | Noticed a 12-headed hydra
  1106 | D        | Killed a 12-headed hydra
  1107 | D        | Reached skill level 22 in Stealth
  1126 | D        | Noticed a deep elf annihilator
  1128 | D        | Noticed an oklob plant
  1128 | D        | Noticed a mummy priest
  1129 | D        | Killed a deep elf annihilator
  1132 | D        | Noticed a jiangshi
  1132 | D        | Noticed a phantasmal warrior
  1358 | D        | Noticed the 27-headed Lernaean hydra
  1372 | D        | Noticed Lom Lobon
  1378 | D        | Killed by an exploding ball lightning

Illustrated notes

Levels and vault maps discovered:
D:        dungeon_sprint_1 [red_sonja_temple_1, red_sonja_temple_small_1]

Skill      XL: |  1  2  3  4  5  6  7  8  9 10 11 |
---------------+----------------------------------+-----
Short Blades   | 3 5 7 10 | 10.0
Stealth        | 6 9 11 14 15 16 18 20 22 | 22.5
Hexes          | 6 8 11 13 14 | 14.9
Ice Magic      | 5 7 |  7.3
Invocations    | 3 5 6 8 10 11 | 11.8
Spellcasting   | 3 5 |  5.3
Transmutations | 3 7 10 12 | 12.2
Air Magic      | 3 7 9 |  9.9
Unarmed Combat | 5 9 |  9.3
Dodging        | |  2.1

Action                   |  1- 3 |  4- 6 |  7- 9 | 10-12 || total
-------------------------+-------+-------+-------+-------++-------
Melee: Dagger            |     5 |     4 |     9 |   103 ||   121
       Bite              |       |       |       |    12 ||    12
       Punch             |       |       |       |     2 ||     2
 Cast: Confusing Touch   |       |       |       |     4 ||     4
       Ensorcelled Hiber |       |       |       |    22 ||    22
Invok: Shadow Step       |       |       |       |    12 ||    12
       Shadow Form       |       |       |       |     2 ||     2
 Abil: Exsanguinate      |     1 |       |       |       ||     1
       End Transformatio |       |       |       |     2 ||     2
       Bat Form          |       |       |       |     1 ||     1
Evoke: Wand              |       |       |       |     2 ||     2
  Use: Potion            |     1 |       |       |     7 ||     8
       Scroll            |       |       |     1 |     6 ||     7
 Stab: Sleeping          |     2 |     4 |     9 |    48 ||    63
       Invisible         |     1 |       |       |       ||     1
       Confused          |       |       |       |     4 ||     4
       Distracted        |       |       |       |     1 ||     1
Armor: Robe              |       |       |       |    14 ||    14
Dodge: Dodged            |       |       |       |    22 ||    22

Table legend: (Time is in decaauts)
 A = Elapsed time spent in this place.
 B = Non-inter-level travel time spent in this place.
 C = Inter-level travel time spent in this place.
 D = Time resting spent in this place.
 E = Time spent auto-exploring this place.
 F = Levels seen in this place.
 G = Mean time per level.
                   A        B        C        D        E       F      G
               +--------+--------+--------+--------+--------+-----+--------+
         Total |   1318 |   1277 |     41 |    363 |      0 |   1 | 1318.0 |
       Dungeon |   1318 |   1277 |     41 |    363 |      0 |   1 | 1318.0 |
               +--------+--------+--------+--------+--------+-----+--------+

Top non-repeatable levels by time:
       D: 1318 daAuts
